 Dungeon Crawl Stone Soup version 0.29.1-13-g9f3cf754e1 (webtiles) character file.

Game seed: 16026683236469760107

28 kingofthe the Covered (level 2, -4/27 HPs)
             Began as a Minotaur Fighter on Jan 23, 2023.
             Slain by Natasha (5 damage)
             ... on level 1 of the Dungeon.
             The game lasted 00:02:41 (1049 turns).

kingofthe the Covered (Minotaur Fighter)            Turns: 1049, Time: 00:02:41

Health: -4/27      AC:  7    Str: 20    XL:     2   Next: 96%
Magic:  1/1        EV:  9    Int:  5    God:
Gold:   37         SH:  4    Dex:  9    Spells: 1/1 levels left

rFire   . . .      SeeInvis .   a - +0 trident
rCold   . . .      Faith    .   c - +0 buckler
rNeg    . . .      Spirit   .   g - +0 scale mail
rPois   .          Reflect  .   (helmet restricted)
rElec   .          Harm     .   (no cloak)
rCorr   .          Rampage  .   (no gloves)
Will    .....                   (no boots)
Stlth   ..........              (no amulet)
HPRegen 0.09/turn               (no ring)
MPRegen 0.07/turn               (no ring)

@: mighty, slowed, very slow
A: horns 2, retaliatory headbutt
a: no special abilities


You were on level 1 of the Dungeon.
You visited 1 branch of the dungeon, and saw 2 of its levels.

You collected 37 gold pieces.

Inventory:

Hand Weapons
 a - a +0 trident (weapon)
 b - a +0 sling
Armour
 c - a +0 buckler (worn)
 g - a +0 scale mail (worn)
Scrolls
 e - 3 scrolls of identify {unknown}
 f - a scroll of fear {unknown}
 h - a scroll of butterflies {unknown}
 i - a scroll of amnesia {unknown}


   Skills:
 + Level 4.0 Fighting
 - Level 3.0 Polearms
 + Level 0.0 Ranged Weapons
 + Level 4.0 Armour
 * Level 0.2 Dodging
 - Level 4.0 Shields


You had one spell level left.
You didn't know any spells.
Your spell library contained the following spells:

 Spells                   Type           Power      Damage    Failure   Level
 Ensorcelled Hibernation  Hex/Ice        0%         N/A       96%         2
 Spider Form              Tmut/Pois      0%         N/A       99%         3
 Anguish                  Hex/Necr       0%         N/A       100%        4


Dungeon Overview and Level Annotations

Branches:
Dungeon (2/15)

Altars:

Annotations:
D:1 Natasha


Innate Abilities, Weirdness & Mutations

You have a pair of horns on your head.
You reflexively headbutt those who attack you in melee.


Message History

There is a stone staircase leading down here.
a - a +0 trident (weapon)
You block Natasha's attack. The goblin hits you but does no damage.
Natasha stares at you and mumbles some strange words.
You resist with significant effort.
There is an open door here.
The goblin attacks as you move away! The goblin hits you but does no damage.
The goblin attacks as you move away! The goblin barely misses you.
You are too injured to fight recklessly!
You are too injured to fight recklessly!
You are too injured to fight recklessly!
You barely miss the goblin. Your headbutt misses the goblin.
The goblin hits you but does no damage.
You closely miss the goblin.
Natasha wildly gestures.
Natasha glows brightly for a moment.
Natasha casts a spell.
The goblin hits you with a +0 club.
You closely miss the goblin. The goblin hits you but does no damage.
Natasha howls an incantation.
You feel troubled.
You closely miss the goblin. The goblin hits you with a +0 club.
You barely miss the goblin. You headbutt the goblin.
You kill the goblin!
Natasha casts a spell at you.
You feel yourself slow down.
You hit Natasha.
Natasha is heavily wounded.
You block Natasha's attack.
You hit Natasha but do no damage.
Natasha is heavily wounded.
You block Natasha's attack. Natasha claws you!
* * * LOW HITPOINT WARNING * * *
You barely miss Natasha.
Natasha is heavily wounded.
You block Natasha's attack. Natasha claws you.
* * * LOW HITPOINT WARNING * * *
You feel very mighty all of a sudden. Natasha claws you.
You die...

#.#........# #.# ###
#.#........####.#
##.#########.#.............#
#.....................###..#
#####.########...........# #..#
#......# #............###..#
##......# ##................##
##..#†..# ##.###########.†...
#...#...# #@# #..### #.#####.#
#h# #..# # #...#...# ##5## #..# #
##..#...# ##>..## #..# #
###.).### ##.....## ###..# # #
##.#.## ##.......## ##.#..###
####....####.........####........
...........+.........+........###
####....####........(####........


You could see Natasha and a shadow imp (summoned).

Vanquished Creatures
  A bat (D:1)
  3 endoplasms (D:1)
  3 giant cockroaches (D:1)
  2 goblins (D:1)
  2 hobgoblins (D:1)
  A quokka (D:1)
  3 ball pythons (D:1)
  3 frilled lizards (D:1)
  2 kobolds (D:1)
  7 rats (D:1)
27 creatures vanquished.

Vanquished Creatures (others)
  3 fungi (D:1)
  2 plants (D:1)
5 creatures vanquished.

Grand Total: 32 creatures vanquished

Notes
Turn   | Place    | Note
-------+----------+-------------------------------------------
     0 | D:1      | kingofthe the Minotaur Fighter began the quest for the Orb.
     0 | D:1      | Reached XP level 1. HP: 19/19 MP: 0/0
   266 | D:1      | Reached XP level 2. HP: 27/27 MP: 1/1
   394 | D:1      | Found a faded altar of an unknown god.
  1027 | D:2      | Noticed Natasha
  1048 | D:1      | HP: 1/27 [Natasha (1)]
  1049 | D:1      | Slain by Natasha

Illustrated notes

Levels and vault maps discovered:
D:1:      ebering_hopf_link, layout_loops_corners,
          shapermc_ecumenical_altar_mp_urbaneastern
D:2:      layout_rooms, uniq_natasha

Skill      XL: |  1  2 |
---------------+-------+-----
Armour         | 4 |  4.0
Fighting       | 4 |  4.0
Polearms       | 3 |  3.0
Shields        | 4 |  4.0
Dodging        | |  0.2

Action                   || total
-------------------------++-------
Melee: Trident           ||    78
       Headbutt          ||    16
 Fire: Sling             ||     4
  Use: Potion            ||     1
Armor: Scale mail        ||    18
Dodge: Dodged            ||    17
Block: Buckler           ||    14
